Map: Beckett Industries LE

Players

Reynor

  • Race: Zerg Zerg

Trap - Winner!

  • Race: Protoss Protoss

Event: TSL 7

VOD

Have the link to the VOD?

Description

Time

  • Played on: June 27, 2021, 3:31 p.m.
  • Length: 13:48

All games in this series

Show
View Real Time Build Order
Export as new Build Order

Reynor Zerg 

Build Orders: Hatch First 

Get SALT Encoding   

  12  0:00  Drone  
  13  0:12  Overlord  
  13  0:17  Drone  
  14  0:30  Drone x2  
  16  0:41  Drone  
  17  0:54  Hatchery  
  17  0:55  Drone  
  17  0:59  Drone  
  18  1:10  Extractor  
  17  1:14  Spawning Pool  
  16  1:20  Drone  
  16  1:22  Drone  
  18  1:28  Drone  
  19  1:38  Drone  
  20  1:49  Overlord  
  20  2:01  Queen  
  20  2:06  Queen, Zergling x2  
  20  2:07  Zergling x2  
  26  2:11  Drone  
  26  2:15  Metabolic Boost  
  27  2:17  Drone  
  27  2:21  Drone  
  29  2:28  Drone  
  30  2:39  Hatchery  
  30  2:41  Drone  
  30  2:42  Drone  
  31  2:47  Queen  
  33  2:52  Overlord  
  33  2:55  Drone  
  33  2:57  Zergling x2  
  35  3:00  Drone  
  36  3:06  Overlord  
  36  3:13  Drone x2  
  36  3:14  Drone x2  
  36  3:17  Queen  
  42  3:20  Drone  
  42  3:22  Drone  
  43  3:29  Queen  
  43  3:31  Overlord  
  43  3:34  Drone  
  46  3:42  Overlord  
  46  3:45  Zergling x2  
  46  3:48  Zergling x6  
  50  3:50  Drone  
  50  3:52  Drone  
  50  3:53  Queen  
  54  3:56  Drone  
  54  3:58  Overlord  
  54  4:00  Drone  
  54  4:01  Drone  
  58  4:02  Drone  
  57  4:10  Drone x2  
  57  4:16  Drone, Spore Crawler  
  59  4:22  Drone x2  
  59  4:24  Drone  
  62  4:27  Drone x2  
  62  4:28  Drone  
  62  4:30  Overlord  
  65  4:35  Drone x2  
  67  4:38  Roach Warren  
  67  4:40  Drone  
  67  4:42  Lair  
  67  4:44  Drone  
  68  4:47  Queen  
  68  4:52  Drone x3  
  73  4:54  Drone  
  73  4:55  Extractor  
  74  5:00  Drone x2  
  74  5:02  Overlord  
  74  5:03  Drone  
  74  5:08  Drone x5  
  74  5:13  Extractor  
  74  5:14  Extractor x2, Overlord  
  78  5:15  Queen  
  78  5:19  Overlord  
  78  5:25  Roach  
  78  5:26  Roach x4  
  87  5:30  Roach  
  87  5:31  Zergling x2  
  87  5:32  Zergling x2  
  88  5:35  Queen  
  88  5:41  Zergling x2, Roach x2  
  92  5:44  Overlord  
  92  5:49  Zergling x2, Roach x2  
  97  5:51  Queen, Overlord  
  97  5:56  Overlord  
  99  6:00  Zergling x2, Ravager x2  
  99  6:01  Zergling x6  
  105  6:05  Queen  
  105  6:09  Ravager x2  
  105  6:10  Zergling x2  
  105  6:11  Zergling x4  
  112  6:14  Ravager  
  112  6:15  Zergling x6  
  115  6:26  Zergling x14  
  115  6:30  Ravager x3  
  125  6:32  Overlord  
  125  6:34  Zergling x6  
  125  6:37  Overseer  
  128  6:41  Zergling x4  
  128  6:45  Zergling x4  
  128  6:46  Zergling x2  
  129  6:49  Overlord  
  129  6:50  Overseer  
  129  6:52  Zergling x8  
  117  6:59  Roach  
  111  7:03  Zergling x8  
  106  7:08  Zergling x4, Roach x2  
  106  7:12  Roach  
  106  7:13  Overseer  
  106  7:14  Zergling x2  
  102  7:19  Drone  
  102  7:22  Drone  
  96  7:23  Overseer  
  96  7:26  Drone, Glial Reconstitution  
  96  7:27  Drone  
  96  7:29  Evolution Chamber  
  90  7:30  Ravager x3  
  90  7:32  Drone, Queen  
  93  7:39  Ravager  
  93  7:40  Drone x2  
  93  7:43  Drone  
  97  7:45  Drone  
  97  7:49  Drone x3  
  97  7:50  Drone  
  102  7:51  Drone  
  102  7:52  Overlord  
  102  7:53  Drone  
  102  7:56  Drone  
  102  7:57  Drone  
  106  8:00  Zerg Missile Weapons Level 1  
  106  8:02  Drone  
  107  8:08  Drone  
  107  8:09  Roach  
  110  8:14  Roach  
  110  8:19  Roach x4  
  120  8:20  Roach x2  
  120  8:21  Roach  
  120  8:23  Drone  
  127  8:27  Extractor  
  127  8:31  Roach  
  127  8:32  Roach  
  130  8:34  Overlord  
  130  8:37  Hatchery  
  130  8:38  Ravager x3  
  130  8:39  Roach  
  132  8:41  Drone x2  
  132  8:43  Drone  
  132  8:50  Roach  
  132  8:51  Roach x3  
  132  8:53  Drone  
  132  8:55  Drone  
  141  8:58  Drone x2  
  141  9:02  Spore Crawler  
  142  9:03  Drone x2  
  142  9:08  Ravager x3  
  142  9:09  Ravager, Roach x2  
  152  9:13  Ravager x4  
  152  9:15  Zergling x2, Roach  
  152  9:16  Zergling x2  
  159  9:18  Zergling x2  
  159  9:21  Overlord  
  159  9:23  Overlord  
  160  9:31  Overlord  
  160  9:33  Infestation Pit  
  160  9:38  Roach x4  
  162  9:39  Drone x3  
  162  9:40  Drone  
  162  9:45  Roach x2  
  153  9:50  Ravager  
  153  9:51  Ravager x2  
  153  9:52  Roach x2  
  160  9:58  Roach x3  
  162  10:06  Roach x4  
  170  10:13  Hive  
  169  10:23  Zerg Missile Weapons Level 2  
  169  10:28  Hatchery  
  168  10:30  Ravager x3  
  168  10:32  Zergling x2, Roach x2  
  168  10:33  Zergling x2  
  177  10:39  Overlord  
  177  10:40  Roach x3  
  180  10:44  Overlord  
  180  10:45  Overlord  
  180  10:52  Overlord  
  180  10:53  Drone x5  
  180  10:55  Overlord  
  185  11:03  Spore Crawler  
  173  11:24  Viper x3  
  182  11:26  Zergling x10  
  182  11:27  Zergling x8  
  182  11:32  Overlord  
  191  11:37  Roach x4  
  191  11:38  Zergling x2  
  200  11:46  Zergling x12  
  197  11:52  Zergling x8  
  196  11:55  Hydralisk Den  
  196  11:59  Roach x2  
  198  12:04  Zergling x2  
  198  12:05  Overlord  
  199  12:19  Roach  
  199  12:20  Roach x4  
  173  12:30  Roach x9  
  173  12:35  Queen  
  176  12:38  Roach x3  
  176  12:43  Roach x6  
  176  12:44  Roach  
  193  12:45  Roach x2  
  185  12:54  Roach x3  
  162  13:00  Hydralisk  
  162  13:01  Zergling x2  
  162  13:04  Roach  
  147  13:10  Roach  
  110  13:14  Roach  
  110  13:18  Roach  
  107  13:28  Zergling x2  
Show
View Real Time Build Order
Export as new Build Order

Trap Protoss - Winner!

Build Orders: 1 Gate Expand, Oracle Opening 

Get SALT Encoding   

  12  0:00  Probe  
  13  0:12  Probe  
  14  0:18  Pylon  
  14  0:24  Probe (Chrono Boost)  
  15  0:36  Probe (Chrono Boost)  
  16  0:44  Gateway  
  16  0:45  Probe (Chrono Boost)  
  17  0:51  Probe  
  17  0:54  Assimilator  
  18  1:03  Probe  
  19  1:15  Probe  
  20  1:25  Nexus  
  20  1:35  Cybernetics Core  
  20  1:38  Probe  
  21  1:46  Assimilator  
  21  1:50  Probe  
  21  1:54  Pylon  
  22  2:03  Probe (Chrono Boost)  
  23  2:09  Adept (Chrono Boost)  
  23  2:12  Warp Gate  
  23  2:15  Probe (Chrono Boost)  
  27  2:23  Probe (Chrono Boost)  
  27  2:27  Stargate  
  27  2:31  Probe (Chrono Boost)  
  27  2:33  Adept  
  30  2:37  Probe (Chrono Boost)  
  32  2:46  Probe x2 (Chrono Boost)  
  33  2:51  Probe  
  33  2:53  Probe  
  35  3:01  Void Ray (Chrono Boost)  
  35  3:03  Adept  
  35  3:04  Probe  
  35  3:05  Probe  
  43  3:17  Pylon  
  43  3:18  Probe  
  43  3:19  Probe  
  45  3:23  Gateway  
  45  3:30  Probe  
  46  3:35  Probe, Oracle (Chrono Boost)  
  50  3:41  Assimilator  
  50  3:44  Assimilator  
  50  3:45  Probe  
  50  3:47  Pylon  
  51  3:49  Probe  
  51  3:52  Twilight Council  
  52  3:57  Probe  
  52  4:01  Probe  
  54  4:09  Probe  
  55  4:13  Probe  
  52  4:19  Adept x2  
  52  4:23  Nexus  
  56  4:25  Pylon  
  56  4:28  Probe x2  
  58  4:36  Dark Shrine  
  58  4:40  Probe x2  
  58  4:43  Pylon  
  58  4:45  Shield Battery  
  60  4:47  Sentry  
  62  4:53  Forge  
  62  4:57  Robotics Facility, Sentry  
  62  4:59  Probe  
  65  5:01  Probe  
  66  5:11  Probe  
  66  5:13  Probe  
  66  5:14  Gateway x2  
  68  5:18  Sentry  
  70  5:23  Probe  
  70  5:25  Probe  
  70  5:26  Shield Battery  
  72  5:33  Phoenix  
  70  5:38  Stalker  
  70  5:43  Probe x3, Protoss Ground Weapons Level 1 (Chrono Boost)  
  70  5:45  Immortal (Chrono Boost)  
  74  5:51  Sentry  
  74  5:53  Pylon  
  76  5:59  Gateway  
  76  6:00  Probe  
  76  6:01  Probe x2  
  76  6:02  Gateway  
  79  6:07  Zealot  
  79  6:10  Stalker x2  
  85  6:15  Dark Templar  
  85  6:17  Probe  
  90  6:20  Observer (Chrono Boost), Assimilator x2  
  91  6:26  Shield Battery  
  91  6:28  Photon Cannon  
  91  6:31  Photon Cannon  
  91  6:32  Sentry  
  91  6:35  Dark Templar  
  91  6:36  Photon Cannon, Dark Templar  
  95  6:51  Stalker  
  96  6:54  Stalker x2  
  97  7:03  Stalker  
  97  7:04  Stalker  
  99  7:11  Immortal (Chrono Boost)  
  99  7:12  Pylon  
  99  7:13  Pylon  
  99  7:14  Pylon  
  95  7:19  Stalker x3  
  96  7:23  Probe x3, Blink (Chrono Boost)  
  96  7:25  Assimilator  
  96  7:29  Assimilator  
  95  7:34  Zealot  
  95  7:36  Photon Cannon  
  97  7:43  Dark Templar  
  99  7:46  Probe x3, Warp Prism (Chrono Boost)  
  99  7:49  Protoss Ground Weapons Level 2 (Chrono Boost)  
  104  7:59  Zealot  
  104  8:00  Pylon  
  104  8:04  Dark Templar  
  108  8:09  Gateway  
  108  8:12  Gateway  
  108  8:14  Observer (Chrono Boost)  
  108  8:16  Stalker x2  
  113  8:20  Probe x3  
  116  8:27  Stalker x3  
  116  8:29  Pylon  
  122  8:34  Pylon, Immortal (Chrono Boost)  
  126  9:00  Stalker x3  
  126  9:01  Dark Templar  
  130  9:03  Stalker x3  
  136  9:13  Nexus  
  136  9:15  Pylon  
  136  9:22  Zealot  
  136  9:24  Robotics Bay  
  136  9:25  Robotics Facility  
  136  9:33  Stalker x3  
  142  9:38  Stalker x2  
  142  9:47  Sentry x2  
  142  9:48  Stalker  
  142  9:50  Dark Templar x3  
  142  9:52  Probe x3  
  148  9:58  Pylon  
  146  10:01  Pylon  
  146  10:04  Archon  
  146  10:06  Sentry  
  148  10:15  Disruptor x2 (Chrono Boost)  
  154  10:22  Pylon  
  154  10:24  Stalker x3  
  159  10:40  Disruptor (Chrono Boost)  
  159  10:43  Observer (Chrono Boost)  
  159  10:45  Charge (Chrono Boost)  
  163  10:51  Zealot x7  
  163  10:52  Photon Cannon  
  163  10:55  Photon Cannon  
  177  10:58  Disruptor (Chrono Boost)  
  180  11:06  Disruptor (Chrono Boost)  
  181  11:14  Assimilator  
  181  11:15  Assimilator  
  181  11:18  Zealot x3  
  181  11:21  Pylon  
  187  11:36  Disruptor (Chrono Boost)  
  188  11:40  Disruptor (Chrono Boost)  
  185  11:50  Nexus  
  185  11:52  Pylon  
  185  11:56  Zealot x5  
  193  12:07  Disruptor (Chrono Boost)  
  196  12:09  Disruptor (Chrono Boost)  
  197  12:19  Zealot  
  180  12:37  Disruptor  
  180  12:39  Stalker x6  
  180  12:40  Stalker x2  
  199  12:45  Disruptor  
  175  13:03  Stalker x5  
  175  13:04  Stalker x3  
  135  13:32  Stalker x6  
Tags
 
Add a new tag
Caveats
  • Supply blocks, unpowered buildings, or Contaminate may cause inaccurate times.
  • Supply counts are checked every 10 seconds.